 Dungeon Crawl Stone Soup version 0.30-a0-1075-gcd70e7a56d (webtiles) character file.

Game seed: 6150411417443418499

60 juan097 the Sneak (level 3, 0/14 HPs)
             Began as a Felid Venom Mage on Apr 14, 2023.
             Blown up by Ijyb (14 damage)
             ... with a mindburst bolt
             ... on level 2 of the Dungeon.
             The game lasted 00:06:53 (2550 turns).

juan097 the Sneak (Felid Venom Mage)                Turns: 2550, Time: 00:06:54

Health: 0/14       AC:  1    Str:  4    XL:     3   Next: 82%
Magic:  1/7        EV: 17    Int: 18    God:
Gold:   85         SH:  0    Dex: 16    Spells: 0/6 levels left
                                        Lives:  0   Deaths: 0

rFire   . . .      SeeInvis +    (weapon unavailable)
rCold   . . .      Faith    .    (shield unavailable)
rNeg    . . .      Spirit   .    (body armour unavailable)
rPois   .          Reflect  .    (helmet unavailable)
rElec   .          Rampage  .    (cloak unavailable)
rCorr   .                        (gloves unavailable)
Will    .....                    (boots unavailable)
Stlth   +++                      (no amulet)
HPRegen 0.22/turn                (no ring)
MPRegen 0.10/turn                (no ring)

@: studying Air Magic, quick
A: very small, claws 1, fangs 3, see invisible, speed 1, shaggy fur 1, stealthy
paws, no weapons or thrown items, no armour, multi-lived
a: no special abilities


You were on level 2 of the Dungeon.
You visited 1 branch of the dungeon, and saw 2 of its levels.

You collected 85 gold pieces.

Inventory:

Scrolls
 b - a scroll of teleportation {unknown}
 c - a scroll of vulnerability {unknown}
 e - a scroll of fear {unknown}
 f - a scroll of blinking {unknown}
 i - a scroll of immolation {unknown}
 l - a scroll of amnesia {unknown}
Potions
 a - a potion of magic
 d - a potion of might {unknown}
 g - a potion of cancellation {unknown}
 h - a potion of curing {unknown}
 j - a potion of haste {unknown}
 k - a potion of heal wounds {unknown}


   Skills:
 - Level 2.6 Dodging
 - Level 4.0 Stealth
 - Level 2.0 Spellcasting
 + Level 2.2 Transmutations
 + Level 1.5 Air Magic
 + Level 3.2 Poison Magic


You couldn't memorise any spells.
You knew the following spells:

 Your Spells              Type           Power      Damage    Failure   Level
a - Sting                 Tmut/Pois      44%        1d5       6%          1
b - Poisonous Vapours     Pois/Air       20%        N/A       11%         2
c - Mephitic Cloud        Conj/Pois/Air  7%         N/A       28%         3

Your spell library contained the following spells:

 Spells                   Type           Power      Damage    Failure   Level
 Olgreb's Toxic Radiance  Pois           13%        N/A       43%         4


Dungeon Overview and Level Annotations

Branches:
Dungeon (2/15)

Altars:

Annotations:
D:2 Ijyb


Innate Abilities, Weirdness & Mutations

You have sharp claws.
You have razor-sharp teeth.
You have supernaturally acute eyesight. (SInv)
You cover ground quickly. (Speed+)
You are covered in fur. (AC +1)
Your paws help you pounce on unaware monsters.
You are incapable of wielding weapons or throwing items.
You cannot wear armour.
You gain extra lives every three experience levels.


Message History

a +0 dagger; a goblin corpse The sting hits the goblin.
The goblin is poisoned.
The goblin is heavily wounded.
The goblin closely misses you.
You scratch the goblin.
You kill the goblin!
Training target 4.0 for Stealth reached!
Your Stealth skill increases to level 4!
Ijyb the Twisted Goblin comes into view.
She is wielding a +0 dagger of venom and carrying a wand of mindburst (18).
There is a stone staircase leading up here.
You climb upwards.
There is a stone staircase leading down here.
Magic restored.
Done exploring.
You climb downwards.
Level annotation: Ijyb
There is a stone staircase leading up here.
Casting: Sting (safe; 6% risk of failure)
Confirm with . or Enter, or press ? or * to list all spells.
Aiming: Poisonous Vapours (safe; 11% risk of failure)
Press: ? - help, Dir - move target, f - Ijyb
Aim: Ijyb, wielding a +0 dagger of venom, wearing a +0 leather armour and carrying a wand of mindburst (18) (wandering, hasn't noticed you) Poisonous vapours surround Ijyb!
Ijyb is poisoned.
Ijyb shouts!
You hear a shout!
Casting: Poisonous Vapours (safe; 11% risk of failure)
Confirm with . or Enter, or press ? or * to list all spells.
Aiming: Poisonous Vapours (safe; 11% risk of failure)
Press: ? - help, Dir - move target, f/p - Ijyb
Aim: Ijyb, wielding a +0 dagger of venom, wearing a +0 leather armour and carrying a wand of mindburst (18) (poisoned) Poisonous vapours surround Ijyb!
Ijyb looks even sicker.
Casting: Poisonous Vapours (safe; 11% risk of failure)
Confirm with . or Enter, or press ? or * to list all spells.
Aiming: Poisonous Vapours (safe; 11% risk of failure)
Press: ? - help, Dir - move target, f/p - Ijyb
Aim: Ijyb, wielding a +0 dagger of venom, wearing a +0 leather armour and carrying a wand of mindburst (18) (very poisoned) Poisonous vapours surround Ijyb!
Ijyb looks even sicker.
Ijyb drinks a potion.
Ijyb flickers and vanishes for a moment.
Ijyb zaps a wand.
Your mind is blasted!
Ouch! That really hurt!
You die...

##.)...#...##..##.......##.#
####..###.##..##.......##.#
#..........##.......##.#
##.##.##...####.#####..#
##.#.....######.#####.##
#..#..........#....##.#
#.##....#..##.####.#..#
#...).g.........##.#.##
#.)##)#@.....##.##...#
8.8..##.#.........#....#
...g...####.#(..###......#
g.......# #......##..##..#
........# ####.#.#...##..#
g.......# #.#.>.......#
.g......# ..###....##.#
###.###.. #.# ####


You could see Ijyb (invisible, very poisoned).

Vanquished Creatures
  A worm (D:1)
  A dart slug (D:2)
  5 endoplasms
  2 giant cockroaches (D:1)
  11 goblins
  6 hobgoblins
  7 quokkas
  A ball python (D:1)
  3 bats (D:1)
  5 frilled lizards (D:1)
  2 kobolds (D:1)
  7 rats
51 creatures vanquished.

Notes
Turn   | Place    | Note
-------+----------+-------------------------------------------
     0 | D:1      | juan097 the Felid Venom Mage began the quest for the Orb.
     0 | D:1      | Reached XP level 1. HP: 7/7 MP: 4/4
   230 | D:1      | Reached skill level 3 in Stealth
   613 | D:1      | Reached XP level 2. HP: 11/11 MP: 3/6
   650 | D:1      | Learned a level 2 spell: Poisonous Vapours
  1133 | D:1      | Reached XP level 3. HP: 14/14 MP: 0/7
  1137 | D:1      | Learned a level 3 spell: Mephitic Cloud
  1623 | D:2      | Reached skill level 1 in Air Magic
  2477 | D:2      | Reached skill level 4 in Stealth
  2489 | D:2      | Noticed Ijyb
  2550 | D:2      | Blown up by Ijyb

Illustrated notes

Levels and vault maps discovered:
D:1:      dpeg_arrival_court, layout_loops_ring, skrybe_limestone_x,
          nicolae_figureground_pulse
D:2:      kennysheep_the_goblin_king, layout_basic, uniq_sigmund, uniq_robin

Skill      XL: |  1  2  3 |
---------------+----------+-----
Stealth        | 3 4 |  4.0
Poison Magic   | 3 |  3.2
Transmutations | 2 |  2.2
Air Magic      | 1 |  1.5
Dodging        | |  2.6
Spellcasting   | |  2.0

Action                     || total
---------------------------++-------
  Melee: Unarmed           ||     8
   Cast: Sting             ||    74
         Poisonous Vapours ||    25
   Stab: Sleeping          ||     2
 Armour: Skin              ||     4
  Dodge: Dodged            ||    29

Table legend: (Time is in decaauts)
 A = Elapsed time spent in this place.
 B = Non-inter-level travel time spent in this place.
 C = Inter-level travel time spent in this place.
 D = Time resting spent in this place.
 E = Time spent auto-exploring this place.
 F = Levels seen in this place.
 G = Mean time per level.
                   A        B        C        D        E       F      G
               +--------+--------+--------+--------+--------+-----+--------+
         Total |   2282 |   2125 |    157 |      0 |   1660 |   2 | 1141.0 |
       Dungeon |   2282 |   2125 |    157 |      0 |   1660 |   2 | 1141.0 |
               +--------+--------+--------+--------+--------+-----+--------+

Top non-repeatable levels by time:
     D:1: 1523 daAuts
     D:2: 758 daAuts
